 Dungeon Crawl Stone Soup version 0.24-a0-278-gefa1973 (webtiles) character file.

Game seed: 617615027690108173

9594 mhoghedin the Dealer of Despair (level 11, -3/68 HPs)
             Began as a Tengu Necromancer on Apr 30, 2019.
             Was an Elder of Kikubaaqudgha.
             Slain by a wyvern zombie (10 damage)
             ... on level 10 of the Dungeon.
             The game lasted 00:44:20 (11818 turns).

mhoghedin the Dealer of Despair (TeNe)             Turns: 11818, Time: 00:44:21

Health: -3/68      AC:  6    Str: 13    XL:     11   Next: 48%
Magic:  19/27      EV: 17    Int: 26    God:    Kikubaaqudgha [****..]
Gold:   205        SH: 19    Dex: 15    Spells: 0/19 levels left

rFire    + + .     SeeInvis .   a - +12 club
rCold    + . .     Gourm    +   n - +4 large shield
rNeg     + . .     Faith    .   k - +2 robe {rC+ rF+}
rPois    .         Spirit   .   (helmet restricted)
rElec    .         Reflect  .   f - +0 cloak
rCorr    .         Harm     .   v - +0 pair of gloves
MR       +....                  (boots unavailable)
Stlth    ++........             x - amulet of the gourmand {Gourm, !d}
HPRegen  1.21/turn              F - ring "Nuteceb" {Wiz rF+ MP+9}
MPRegen  0.20/turn              w - ring of Pomizez {rN+ MR+ Str+4 Int+3}

@: brilliant, flying quickly and evasively, regenerating, quick
A: beak, talons 3, able to fly
a: Stop Flying, Receive Corpses, Renounce Religion


You were on level 10 of the Dungeon.
You worshipped Kikubaaqudgha.
Kikubaaqudgha was greatly pleased with you.
You were not hungry.

You visited 2 branches of the dungeon, and saw 11 of its levels.

You collected 745 gold pieces.
You spent 540 gold pieces at shops.

Inventory:

Hand Weapons
 a - a +12 club (weapon)
   (You took it off Jessica on level 2 of the Dungeon)
Missiles
 m - 3 throwing nets {=f, !d}
Armour
 f - a +0 cloak (worn)
   (You found it on level 8 of the Dungeon)
 k - a +2 robe of resistance (worn)
   (You took it off Jessica on level 2 of the Dungeon)
 n - a +4 large shield (worn)
   (You took it off an orc on level 3 of the Dungeon)
 v - a +0 pair of gloves (worn)
   (You found it on level 9 of the Dungeon)
Magical Staves
 b - an uncursed staff of wizardry {wiz+, !a}
   (You found it on level 7 of the Dungeon)
Jewellery
 s - the ring of the Gloaming {rPois rC- rN+ Str+5}
   (You found it on level 5 of the Dungeon)

   [ring of positive energy]

   It affects your strength (+5).
   It makes you vulnerable to cold.
   It protects you from poison.
   It protects you from negative energy.
 t - a cursed amulet of magic regeneration {unknown}
   (You found it on level 10 of the Dungeon)
 w - the ring of Pomizez (right hand) {rN+ MR+ Str+4 Int+3}
   (You found it on level 7 of the Dungeon)

   [ring of positive energy]

   It affects your strength (+4).
   It affects your intelligence (+3).
   It protects you from negative energy.
   It affects your resistance to hostile enchantments.
 x - an amulet of the gourmand (around neck) {Gourm, !d}
   (You took it off an orc on level 3 of the Dungeon)
 A - an uncursed ring of protection from cold {rC+, !d}
   (You found it on level 7 of the Dungeon)
 F - the ring "Nuteceb" (left hand) {Wiz rF+ MP+9}
   (You took it off a gnoll on level 7 of the Dungeon)

   [ring of wizardry]

   It improves your spell success rate.
   It protects you from fire.
   It affects your magic capacity (+9).
 L - the ring "Koikisal" {rN++ Str+4 Stlth+}
   (You found it on level 7 of the Dungeon)

   [ring of strength]

   It affects your strength (+4).
   It greatly protects you from negative energy.
   It makes you more stealthy.
Wands
 q - a wand of digging (11)
   (You found it on level 8 of the Dungeon)
 u - a wand of flame (47)
   (You found it on level 7 of the Dungeon)
 z - a wand of polymorph (10)
   (You found it on level 8 of the Dungeon)
 D - a wand of enslavement (6)
   (You found it on level 8 of the Dungeon)
 H - a wand of paralysis (7)
   (You found it on level 8 of the Dungeon)
 M - a wand of disintegration (2)
   (You took it off a gnoll on level 7 of the Dungeon)
Scrolls
 c - 9 scrolls of remove curse
 d - 13 scrolls of teleportation
 e - 3 scrolls of fear
 g - a scroll of enchant weapon
 h - 4 scrolls of magic mapping {!r}
 j - 3 scrolls of fog
 l - 3 scrolls of amnesia
 p - a scroll of blinking {!r}
 r - a scroll of immolation {!r}
 y - a scroll of random uselessness {unknown}
Potions
 o - 2 potions of magic
 B - 2 potions of haste
 C - 3 potions of ambrosia
 E - 2 potions of might
 J - a potion of experience {unknown}
 K - 2 potions of curing
Comestibles
 i - 17 rations


   Skills:
 - Level 8.2 Fighting
 - Level 3.5 Maces & Flails
 - Level 8.8 Dodging
 - Level 2.0 Stealth
 + Level 8.7 Shields
 - Level 4.5 Spellcasting
 + Level 4.6 Conjurations
 + Level 9.7 Necromancy


You couldn't memorise any spells.
You knew the following spells:

 Your Spells              Type           Power        Failure   Level  Hunger
a - Pain                  Necr           ####         1%          1    None
b - Animate Dead          Necr           N/A          1%          4    ####...
c - Bolt of Draining      Conj/Necr      ######....   11%         5    #####..
m - Sublimation of Blood  Necr           ######....   1%          2    None
r - Regeneration          Chrm/Necr      #####.....   3%          3    ##.....
x - Vampiric Draining     Necr           ######....   1%          3    ##.....
A - Animate Skeleton      Necr           N/A          1%          1    None

Your spell library contained the following spells:

 Spells                   Type           Power        Failure   Level  Hunger
 Dispel Undead            Necr           ######..     4%          5    #####..
 Beastly Appendage        Tmut           ###...       8%          1    None
 Sticks to Snakes         Tmut           ###.....     11%         2    None
 Spider Form              Tmut/Pois      ###.......   21%         3    ##.....
 Borgnjor's Vile Clutch   Necr/Erth      #####.....   24%         5    #####..
 Ice Form                 Ice/Tmut       ###.....     50%         4    ####...
 Simulacrum               Ice/Necr       #####.....   71%         6    #######
 Blade Hands              Tmut           ###.......   80%         5    #####..


Dungeon Overview and Level Annotations

Branches:
Dungeon (10/15)            Temple (1/1) D:4            Lair (0/6) D:10
    Orc: D:9-12

Altars:
Ashenzari
Cheibriados
Dithmenos
Elyvilon
Fedhas
Gozag
Hepliaklqana
Kikubaaqudgha
Makhleb
Nemelex Xobeh
Okawaru
Qazlal
Ru
Sif Muna
Trog
Uskayaw
Wu Jian
Xom
Yredelemnul
Zin
The Shining One

Shops:
D:5 =}((   D:8 !   D:10 }

Annotations:
D:6 1 runed translucent door


Innate Abilities, Weirdness & Mutations

You have a beak for a mouth.
You have claws for feet.
You can fly continuously.


Message History

The wyvern zombie bites the plant.
The wyvern zombie bites the plant.
You block the bullfrog's attack.
Your magical contamination has completely faded away.
You block the bullfrog's attack. The bullfrog completely misses you.
The bullfrog snags a nearby butterfly with its tongue.
The worker ant bites the plant but does no damage.
The bullfrog misses you.
The black bear bites the plant but does no damage.
The black bear claws the plant. x2
The worker ant bites the plant but does no damage.
The black bear bites the plant!
The black bear claws the plant but does no damage. x2
The black bear bites the plant but does no damage.
The black bear claws the plant but does no damage. x2
The wyvern zombie bites the fungus!
The bullfrog barely misses you.
The hippogriff bites the fungus!
The hippogriff pecks the fungus.
The hippogriff claws the fungus.
The black bear bites the plant but does no damage.
The black bear claws the plant but does no damage. x2
Something bites the plant.
Something claws the plant but does no damage.
Something completely misses the plant.
You block the bullfrog's attack. The porcupine misses you.
Something bites the plant.
Something claws the plant but does no damage. x2
You block the bullfrog's attack.
The quokka bites the fungus.
The porcupine barely misses you.
The bullfrog hits the plant!
The bullfrog hits the plant.
The quokka bites the plant.
Okay, then.
Unknown command.
Unknown command.
b - an uncursed staff of wizardry (weapon)
{wiz+, !a} You block the porcupine's attack.
Okay, then.
Unknown command.
Okay, then.
Unknown command.
Unknown command.
You're wearing all the rings you can.
Remove which one? (? for menu, Esc to quit)
You remove the ring "Koikisal" {rN++ Str+4 Stlth+}.
You feel weaker.
F - the ring "Nuteceb" (left hand) {Wiz rF+ MP+9} The porcupine bites you!
* * * LOW HITPOINT WARNING * * *
You take 14 damage, and have 4/68 hp.
MASSIVE DAMAGE!!
Okay, then.
Unknown command.
It was a potion of brilliance.
You feel clever all of a sudden. You block the porcupine's attack.
Okay, then.
Unknown command.
Aim: a porcupine The bolt of negative energy hits the porcupine!!
The porcupine is drained!
You kill the porcupine!
Kikubaaqudgha accepts your kill.
The bolt of negative energy hits the bullfrog!!
The bullfrog is drained!
You kill the bullfrog!
Kikubaaqudgha accepts your kill.
The bolt of negative energy hits the wyvern zombie.
The wyvern zombie completely resists.
You now have 2/27 mp.
Okay, then.
Unknown command.
Unknown command.
Unknown command.
Okay, then.
Unknown command.
Unknown command.
Magic courses through your body. You block the worker ant's attack.
MP restored: 27
Aim: a hippogriff (heavily wounded)
The bolt of negative energy hits the worker ant!!
The worker ant is drained!
You kill the worker ant!
Kikubaaqudgha accepts your kill.
Kikubaaqudgha is now protecting you from unholy torment.
The bolt of negative energy hits the wyvern zombie.
The wyvern zombie completely resists.
The bolt of negative energy hits the hippogriff!!
The hippogriff is drained!
You kill the hippogriff!
Kikubaaqudgha accepts your kill. You block the wyvern zombie's attack.
You now have 22/27 mp.
a - a +12 club (weapon)
b - an uncursed staff of wizardry (weapon)
{wiz+, !a} The wyvern zombie closely misses you.
Your skin crawls.
The wyvern zombie bites you but does no damage.
You now have 19/27 mp.
a - a +12 club (weapon)
The wyvern zombie bites you!
You die...
Kikubaaqudgha rasps: "You have failed me!
Welcome... death!"

#.###.#.#.#######.########.......
.........................+.......
#.#.#.#.#.#######.########>......
#...#.#.#.# #.########<......
8..∩..8.#.#######....†...........
...................†.......######
..#####.#........###.#####.## ..+
...#.######÷# #.# #..# ..#
####### #@# #.## ##.# ..#
#Z###..#####.## ###
#r##PP....##..#
##########.†..P..P...#.#
.........#...P.....P.#.#
.........#...PPPPP.....#
..........P....PPPP....####
.....#....P..P.PPP.P.P.....
.....#.....†PP..P.PPP...###


You could see a wyvern zombie and a quokka.

Vanquished Creatures
  The ghost of RexLacerta the Archer, a novice CeHu of Okawaru (D:6)
  An unseen horror (D:10)
  An ugly thing (D:7)
  A moth of wrath (D:8)
  Joseph (D:10)
  Grum (D:7)
  Grinder (D:3)
  2 hornets
  2 hippogriffs
  2 hogs (D:7)
  A vampire mosquito (D:7)
  A hungry ghost (D:8)
  A human (D:7)
  A water moccasin (D:8)
  Duvessa (D:4)
  A porcupine (D:10)
  2 black bears (D:10)
  2 orc warriors (D:7)
  A sky beast (D:7)
  2 wolves (D:7)
  3 ice beasts
  2 phantoms
  6 ogres
  3 centaurs
  A big kobold (D:7)
  A crocodile (D:10)
  8 bullfrogs
  A wyvern zombie (D:8)
  Dowan (D:4)
  A scorpion (D:8)
  4 killer bees (D:7)
  6 wights
  5 howler monkeys
  2 bullfrog zombies
  A crimson imp (D:7)
  2 centaur zombies
  A quasit (D:2)
  A jelly (D:7)
  5 hounds
  5 orc wizards
  A gnoll shaman (D:7)
  4 orc priests
  Jessica (D:2)
  3 iguanas
  8 worker ants
  A killer bee zombie (D:7)
  A hound zombie (D:10)
  A hound skeleton (D:6)
  A worker ant zombie (D:5)
  20 adders
  A river rat (D:6)
  8 gnolls
  3 shadow imps
  2 oozes
  2 adder skeletons
  5 worms
  4 dart slugs
  3 leopard geckos
  37 orcs
  6 giant cockroaches
  7 goblins
  7 hobgoblins
  18 jackals
  4 quokkas
  3 ball pythons
  8 bats
  4 frilled lizards
  A giant cockroach zombie (D:6)
  3 kobolds
  3 leopard gecko skeletons
  A quokka skeleton (D:7)
  A quokka zombie (D:7)
  12 rats
269 creatures vanquished.

Vanquished Creatures (collateral kills)
  The ghost of Ijustatesigmund the Cleaver, a novice OpFi (D:7)
  A yak (D:7)
  A hog (D:7)
  2 gnoll sergeants (D:7)
  A killer bee (D:7)
  A wight (D:7)
  4 gnolls (D:7)
  A rat (D:1)
12 creatures vanquished.

Vanquished Creatures (others)
  15 fungi (D:10)
  10 plants
25 creatures vanquished.

Grand Total: 306 creatures vanquished

Notes
Turn   | Place    | Note
-------+----------+-------------------------------------------
     0 | D:1      | mhoghedin the Tengu Necromancer began the quest for the
                  | Orb.
     0 | D:1      | Reached XP level 1. HP: 10/10 MP: 4/4
    69 | D:1      | Learned a level 1 spell: Animate Skeleton
   140 | D:1      | Reached skill level 1 in Fighting
   184 | D:1      | Reached XP level 2. HP: 16/16 MP: 6/6
   293 | D:1      | Reached skill level 2 in Fighting
   562 | D:1      | Reached XP level 3. HP: 21/22 MP: 7/7
  1223 | D:2      | Learned a level 3 spell: Vampiric Draining
  1266 | D:2      | HP: 5/22 [jackal (2)]
  1496 | D:2      | Reached XP level 4. HP: 20/27 MP: 2/8
  2065 | D:2      | Reached skill level 5 in Necromancy
  2203 | D:2      | Noticed Jessica
  2213 | D:2      | Killed Jessica
  2213 | D:2      | Reached skill level 3 in Spellcasting
  2434 | D:2      | Gained mutation: You can fly continuously. [Tengu growth]
  2434 | D:2      | Reached XP level 5. HP: 24/31 MP: 10/10
  2517 | D:2      | Reached skill level 1 in Maces & Flails
  2846 | D:3      | Reached skill level 3 in Fighting
  2879 | D:3      | Found an opulent altar of Gozag.
  2943 | D:3      | Reached XP level 6. HP: 37/37 MP: 11/11
  2998 | D:3      | Reached skill level 3 in Dodging
  3004 | D:3      | Reached skill level 2 in Maces & Flails
  3124 | D:3      | Noticed Grinder
  3141 | D:3      | Paralysed by Grinder for 4 turns
  3153 | D:3      | Killed Grinder
  3153 | D:3      | Reached skill level 3 in Maces & Flails
  3153 | D:3      | Reached skill level 4 in Dodging
  3153 | D:3      | Reached XP level 7. HP: 38/42 MP: 12/12
  3174 | D:3      | Reached skill level 4 in Fighting
  3647 | D:4      | Reached skill level 1 in Shields
  4011 | D:4      | Found a staircase to the Ecumenical Temple.
  4116 | Temple   | Entered the Ecumenical Temple
  4337 | Temple   | Became a worshipper of Kikubaaqudgha
  4342 | Temple   | Learned a level 3 spell: Regeneration
  4347 | Temple   | Learned a level 4 spell: Animate Dead
  4461 | D:4      | Found a sparkling altar of Nemelex Xobeh.
  4659 | D:4      | Found a snail-covered altar of Cheibriados.
  4816 | D:5      | Entered Level 5 of the Dungeon
  4816 | D:5      | Noticed Duvessa
  4818 | D:5      | Noticed Dowan
  4840 | D:4      | HP: 11/44 [Duvessa/+0 short sword (7)]
  4845 | D:4      | Killed Duvessa
  4845 | D:4      | Reached skill level 5 in Dodging
  4845 | D:4      | Reached skill level 2 in Shields
  4845 | D:4      | Reached XP level 8. HP: 30/48 MP: 13/13
  4850 | D:4      | Killed Dowan
  4850 | D:4      | Reached skill level 5 in Fighting
  5002 | D:5      | Found Yrghupnophy's Antique Weapon Shoppe.
  5045 | D:5      | Found Upnidem's Weapon Shoppe.
  5122 | D:5      | Reached skill level 3 in Shields
  5294 | D:5      | Found Kamiewepp's Gadget Shop.
  5335 | D:5      | Found Faklag's Jewellery Shop.
  5549 | D:5      | Got a vibrating golden ring
  5551 | D:5      | Identified the ring of the Gloaming {rPois rC- rN+ Str+5}
                  | (You found it on level 5 of the Dungeon)
  5580 | D:5      | Found a stormy altar of Qazlal.
  6001 | D:6      | Reached skill level 6 in Dodging
  6033 | D:6      | Found a runed translucent door.
  6034 | D:6      | Noticed RexLacerta's ghost (novice CeHu)
  6064 | D:6      | Reached skill level 6 in Necromancy
  6076 | D:6      | Found a runed translucent door.
  6081 | D:6      | Reached * piety under Kikubaaqudgha
  6081 | D:6      | Identified Kikubaaqudgha's Disquisition on Darkness
                  | (Kikubaaqudgha gifted it to you on level 6 of the Dungeon)
  6081 | D:6      | Received a gift from Kikubaaqudgha
  6202 | D:6      | Reached skill level 4 in Shields
  6206 | D:6      | Reached skill level 6 in Fighting
  6206 | D:6      | Reached XP level 9. HP: 35/55 MP: 14/14
  6447 | D:6      | Killed RexLacerta's ghost
  6447 | D:6      | Reached skill level 7 in Dodging
  6581 | D:6      | Reached skill level 7 in Necromancy
  6762 | D:6      | Reached skill level 5 in Shields
  7305 | D:7      | Reached ** piety under Kikubaaqudgha
  7343 | D:7      | Noticed a white ugly thing
  7343 | D:7      | Noticed a red ugly thing
  7367 | D:7      | Reached skill level 7 in Fighting
  7379 | D:7      | HP: 5/57 [purple ugly thing (14)]
  7918 | D:6      | Learned a level 2 spell: Sublimation of Blood
  7935 | D:7      | Found a transporter.
  8001 | D:7      | Noticed Grum
  8007 | D:7      | Noticed Ijustatesigmund's ghost (novice OpFi)
  8079 | D:7      | HP: 12/57 [red ugly thing (6)]
  8080 | D:7      | Killed a red ugly thing
  8080 | D:7      | Reached skill level 8 in Dodging
  8080 | D:7      | Reached skill level 6 in Shields
  8080 | D:7      | Reached skill level 8 in Necromancy
  8080 | D:7      | Reached XP level 10. HP: 14/63 MP: 5/15
  8294 | D:7      | Got a clouded amber ring
  8299 | D:7      | Identified the ring of Pomizez {rN+ MR+ Str+4 Int+3} (You
                  | found it on level 7 of the Dungeon)
  8565 | D:7      | Found a transporter.
  8607 | D:7      | Found a sacrificial altar of Ru.
  8697 | D:7      | Reached skill level 8 in Fighting
  8829 | D:7      | Identified the +6 scale mail of the Secret Seas {rF- rN++
                  | Dex+2 SInv}
  8835 | D:7      | Identified the ring "Nuteceb" {Wiz rF+ MP+9}
  9101 | D:8      | Noticed a moth of wrath
  9225 | D:8      | Reached *** piety under Kikubaaqudgha
  9225 | D:8      | Identified Kikubaaqudgha's Papyrus of Sinister Arts
                  | (Kikubaaqudgha gifted it to you on level 8 of the Dungeon)
  9225 | D:8      | Received a gift from Kikubaaqudgha
  9436 | D:8      | Found Idwuklan's Distillery.
  9453 | D:8      | Reached skill level 7 in Shields
 10058 | D:8      | Found a bloodstained altar of Trog.
 10065 | D:8      | Killed a moth of wrath
 10065 | D:8      | Reached skill level 4 in Spellcasting
 10065 | D:8      | Reached XP level 11. HP: 68/68 MP: 1/18
 10352 | D:9      | Found a snail-covered altar of Cheibriados.
 10529 | D:6      | Identified the cursed +1 hand crossbow of the King {speed,
                  | rF+ Int+7 Dex-4}
 10565 | D:5      | Bought a blackened demon blade for 540 gold pieces
 10565 | D:5      | Identified the +1 demon blade of the Three Orbs {elec,
                  | rElec} (You bought it in a shop on level 5 of the Dungeon)
 10577 | D:5      | Identified a scroll of acquirement
 10621 | D:6      | Learned a level 5 spell: Bolt of Draining
 10717 | D:7      | Reached skill level 1 in Conjurations
 10726 | D:7      | Reached skill level 8 in Shields
 10737 | D:7      | Killed Grum
 10750 | D:7      | Killed Ijustatesigmund's ghost
 10750 | D:7      | Reached skill level 2 in Conjurations
 10750 | D:7      | Reached skill level 9 in Necromancy
 10774 | D:7      | Got a vibrating silver ring
 10799 | D:7      | Identified the ring "Koikisal" {rN++ Str+4 Stlth+} (You
                  | found it on level 7 of the Dungeon)
 10897 | D:10     | Entered Level 10 of the Dungeon
 10933 | D:9      | HP: 17/68 [poisoned by a hornet]
 10939 | D:9      | HP: 16/68 [poisoned by a hornet]
 10947 | D:9      | HP: 16/68 [poisoned by a hornet]
 11379 | D:10     | Killed an unseen horror
 11379 | D:10     | Reached skill level 3 in Conjurations
 11592 | D:10     | Found Jinnel's Gadget Boutique.
 11679 | D:10     | Found a staircase to the Lair.
 11718 | D:10     | Reached skill level 4 in Conjurations
 11747 | D:10     | Noticed Joseph
 11766 | D:10     | Killed Joseph
 11776 | D:10     | HP: 17/68 [hippogriff (4)]
 11784 | D:10     | HP: 13/68 [poisoned by a worker ant]
 11810 | D:10     | HP: 4/68 [porcupine (14)]
 11814 | D:10     | Reached **** piety under Kikubaaqudgha
 11818 | D:10     | Slain by a wyvern zombie

Levels and vault maps discovered:
D:1:      dpeg_arrival_rhombus, layout_loops_ring
D:2:      layout_basic, first_ration, uniq_jessica
D:3:      layout_rooms, lemuel_doored_altar, minmay_ruptured, uniq_grinder
D:4:      layout_loops_corners, nicolae_overflow_hidden_temple,
          kennysheep_slug_shrine, temple_doors_e, hangedman_decor_slide_cut
D:5:      layout_basic, marbit_many_paths, serial_shops, shop,
          nicolae_shop_crystal, nicolae_shop_stone, shop,
          roderic_serpentine_path, uniq_duvessa
D:6:      layout_layer_cave, ebering_ghost_sewer_f, minmay_microvault
D:7:      minmay_the_grid_square_5x5_3x3
          [minmay_the_grid_square_5x5_sharp_hourglass,
          minmay_the_grid_square_5x5_six_small, minmay_the_grid_square_5x5_comb,
          minmay_the_grid_square_5x5_trominoes,
          minmay_the_grid_square_5x5_megaprize_checkered,
          minmay_the_grid_square_5x5_eight_small,
          minmay_the_grid_square_5x5_lines, minmay_the_grid_square_5x5_v,
          minmay_the_grid_square_5x5_broken_cross], layout_loops_ring,
          nicolae_ru_path_of_blood, gammafunk_ghost_gnarly_gnolls,
          grunt_livestock, minmay_misc_feat_tower, nrook_campfire,
          minmay_misc_feat_rugged
D:8:      layout_basic, tgw_trog, serial_shops, shop_statue
D:9:      layout_stronghold, vehumet_altar_wand_db, basic_altar
D:10:     layout_basic, due_lair_maze_entry_diamond,
          minmay_orc_entry_guard_dogs, serial_shops, shop_statue, enter_trove_2,
          ebering_ghost_reflecting_pool, uniq_joseph
Temple:   regret_index_temple_generic_petals

Skill      XL: |  1  2  3  4  5  6  7  8  9 10 11 |
---------------+----------------------------------+-----
Fighting       | 1 2 3 4 6 7 8 |  8.2
Necromancy     | 5 6 8 9 |  9.7
Spellcasting   | 3 4 |  4.5
Maces & Flails | 1 3 |  3.5
Dodging        | 4 5 6 8 |  8.8
Shields        | 2 4 6 7 8 |  8.7
Conjurations   | 4 |  4.6
Stealth        | |  2.0

Action                   |  1- 3 |  4- 6 |  7- 9 | 10-12 || total
-------------------------+-------+-------+-------+-------++-------
Melee: Hand axe          |    54 |    11 |       |       ||    65
       Peck              |     8 |     4 |    38 |    42 ||    92
       Kick              |     5 |    15 |    58 |    68 ||   146
       Club              |       |    74 |   343 |   237 ||   654
       Staff             |       |       |       |     2 ||     2
 Cast: Animate Skeleton  |     7 |     3 |       |     3 ||    13
       Pain              |    27 |    21 |     2 |     6 ||    56
       Vampiric Draining |     2 |     3 |     3 |    31 ||    39
       Animate Dead      |       |       |       |    10 ||    10
       Regeneration      |       |       |       |     5 ||     5
       Sublimation of Bl |       |       |       |     7 ||     7
       Bolt of Draining  |       |       |       |     2 ||     2
Invok: Receive Corpses   |       |       |       |     1 ||     1
 Abil: Fly               |       |     1 |       |       ||     1
Evoke: Wand              |       |       |     5 |    12 ||    17
  Use: Scroll            |       |     4 |     8 |    12 ||    24
       Potion            |       |     1 |     6 |     3 ||    10
 Stab: Sleeping          |     4 |     6 |     6 |     6 ||    22
  Eat: Chunk             |     1 |    14 |    20 |    12 ||    47
       Ration            |       |     1 |       |     1 ||     2
Armor: Robe              |    14 |    22 |     7 |    28 ||    71
       Leather armour    |       |       |    29 |       ||    29
       Skin              |       |       |    19 |       ||    19
Dodge: Dodged            |    43 |    74 |   124 |   161 ||   402
Block: Large shield      |       |       |   232 |   317 ||   549

Table legend:
 A = Non-vault XP
 B = Vault XP
 C = Vault XP percentage of total XP
 D = Non-vault monster count
 E = Vault monster count
 F = Vault count percentage of total count
                 A         B        C        D         E       F
            +---------+---------+-------+---------+---------+-------
      Total |    7115 |    6592 |  48.1 |     218 |      63 |  22.4
            +---------+---------+-------+---------+---------+-------
        D:1 |      39 |       0 |   0.0 |      22 |       0 |   0.0
        D:2 |     158 |      37 |  19.0 |      23 |       1 |   4.2
        D:3 |     284 |     309 |  52.1 |      48 |       4 |   7.7
        D:4 |     291 |     223 |  43.4 |      19 |       3 |  13.6
        D:5 |     634 |      14 |   2.2 |      19 |       1 |   5.0
        D:6 |     658 |     917 |  58.2 |      22 |       7 |  24.1
        D:7 |    1622 |    3185 |  66.3 |      25 |      32 |  56.1
        D:8 |    1511 |     555 |  26.9 |      21 |       6 |  22.2
        D:9 |     534 |       0 |   0.0 |       6 |       0 |   0.0
       D:10 |    1384 |    1352 |  49.4 |      13 |       9 |  40.9
            +---------+---------+-------+---------+---------+-------

Levels and vault maps discovered:
D:1:      dpeg_arrival_rhombus, layout_loops_ring
D:2:      layout_basic, first_ration, uniq_jessica
D:3:      layout_rooms, lemuel_doored_altar, minmay_ruptured, uniq_grinder
D:4:      layout_loops_corners, nicolae_overflow_hidden_temple,
          kennysheep_slug_shrine, temple_doors_e, hangedman_decor_slide_cut
D:5:      layout_basic, marbit_many_paths, serial_shops, shop,
          nicolae_shop_crystal, nicolae_shop_stone, shop,
          roderic_serpentine_path, uniq_duvessa
D:6:      layout_layer_cave, ebering_ghost_sewer_f, minmay_microvault
D:7:      minmay_the_grid_square_5x5_3x3
          [minmay_the_grid_square_5x5_sharp_hourglass,
          minmay_the_grid_square_5x5_six_small, minmay_the_grid_square_5x5_comb,
          minmay_the_grid_square_5x5_trominoes,
          minmay_the_grid_square_5x5_megaprize_checkered,
          minmay_the_grid_square_5x5_eight_small,
          minmay_the_grid_square_5x5_lines, minmay_the_grid_square_5x5_v,
          minmay_the_grid_square_5x5_broken_cross], layout_loops_ring,
          nicolae_ru_path_of_blood, gammafunk_ghost_gnarly_gnolls,
          grunt_livestock, minmay_misc_feat_tower, nrook_campfire,
          minmay_misc_feat_rugged
D:8:      layout_basic, tgw_trog, serial_shops, shop_statue
D:9:      layout_stronghold, vehumet_altar_wand_db, basic_altar
D:10:     layout_basic, due_lair_maze_entry_diamond,
          minmay_orc_entry_guard_dogs, serial_shops, shop_statue, enter_trove_2,
          ebering_ghost_reflecting_pool, uniq_joseph
Temple:   regret_index_temple_generic_petals

Table legend:
 A = Turns spent in this place as a percentage of turns spent in the entire game.
 B = Non-inter-level travel turns spent in this place as a percentage of non-inter-level travel turns spent in the entire game.
 C = Inter-level travel turns spent in this place as a percentage of turns spent in this place.
 D = Turns resting spent in this place as a percentage of non-inter-level travel turns spent in this place.
 E = Turns spent auto-exploring this place as a percentage of non-inter-level travel turns spent in this place.
 F = Non-inter-level travel turns spent in this place divided by the number of levels of this place that you've seen.
                   A       B       C       D       E      F
               +-------+-------+-------+-------+-------+----------------------
         Total | 100.0 | 100.0 |   5.7 |  28.2 |  49.0 | 1012.8
       Dungeon |  97.7 |  98.2 |   5.3 |  28.7 |  48.2 | 1093.7
        Temple |   2.3 |   1.8 |  24.2 |   0.0 |  95.1 | 204.0
               +-------+-------+-------+-------+-------+----------------------

Table legend:
 A = Kills in this place as a percentage of kills in entire the game.
 B = Kills by you in this place as a percentage of kills by you in the entire game.
 C = Kills by friends in this place as a percentage of kills by friends in the entire game.
 D = Other kills in this place as a percentage of other kills in the entire game.
 E = Experience gained in this place as a percentage of experience gained in the entire game.
 F = Experience gained in this place divided by the number of levels of this place that you have seen.
                   A       B       C       D       E      F
               +-------+-------+-------+-------+-------+----------------------
         Total | 100.0 | 100.0 | 100.0 |   N/A | 100.0 | 1246.1
       Dungeon | 100.0 | 100.0 | 100.0 |   N/A | 100.0 | 1370.7
               +-------+-------+-------+-------+-------+----------------------
